 Dungeon Crawl Stone Soup version 0.31-a0-331-geda263fcf1 (webtiles) character file.

Game seed: 6391956217695092022

320 LeprechaunX the Changeling (level 6, -1/42 HPs)
             Began as an Octopode Shapeshifter on July 19, 2023.
             Was an Initiate of Cheibriados.
             Killed from afar by an orc wizard (10 damage)
             ... with a magic dart
             ... on level 4 of the Dungeon.
             The game lasted 00:05:12 (3122 turns).

LeprechaunX the Changeling (Octopode Shapeshifter)  Turns: 3122, Time: 00:05:13

Health: -1/42      AC:  1    Str: 18    XL:     6   Next: 46%
Magic:  6/6        EV: 14    Int: 11    God:    Cheibriados [......]
Gold:   233        SH:  0    Dex: 19    Spells: 5/5 levels left

rFire   . .          .
                       - Unarmed
rCold   . . .        (no shield)
rNeg    . . .        (helmet currently unavailable)
rPois   .            (no amulet)
rElec   .            g - +6 ring of dexterity
rCorr   .            (no ring)
SInv    .            (no ring)
Will    .....        (no ring)
Stlth   ++           (no ring)
HPRegen 0.27/turn    (no ring)
MPRegen 0.10/turn    (no ring)
                     (no ring)

%: no passive effects
@: confused, beast-form, very slow
A: beast (slay +3), almost no armour, amphibious, 8 rings, camouflage 1,
gelatinous body 1, (nimble swimmer 1), tentacles
a: Begin Untransformation, Renounce Religion


You were on level 4 of the Dungeon.
You worshipped Cheibriados.
Cheibriados was noncommittal.
You were a hulking beast.
You visited 1 branch of the dungeon, and saw 4 of its levels.

You collected 233 gold pieces.

Inventory:

Hand Weapons
 a - a +0 orcbow
Missiles
 h - 3 javelins (quivered)
Jewellery
 g - a +6 ring of dexterity (left tentacle)
Talismans
 b - a beast talisman
 d - a blade talisman
Wands
 u - a wand of polymorph (11)
Scrolls
 f - 3 scrolls of identify {unknown}
 j - a scroll of enchant armour {unknown}
 k - 2 scrolls of fog {unknown}
 m - 2 scrolls of blinking {unknown}
 o - 2 scrolls of poison {unknown}
 p - a scroll of teleportation {unknown}
 q - a scroll of revelation {unknown}
 s - a scroll of amnesia {unknown}
 t - 2 scrolls of fear {unknown}
Potions
 c - a potion of brilliance {unknown}
 e - a potion of enlightenment {unknown}
 i - 2 potions of mutation {unknown}
 l - a potion of might {unknown}
 n - a potion of attraction {unknown}
 r - a potion of lignification
 v - a potion of degeneration {unknown}
 w - a potion of curing {unknown}
 x - a potion of resistance {unknown}


   Skills:
 + Level 3.2 Fighting
 + Level 3.1 Dodging
 * Level 4.1 Unarmed Combat
 * Level 4.3 Shapeshifting


You had 5 spell levels left.
You didn't know any spells.
Your spell library was empty.

Dungeon Overview and Level Annotations

Branches:
Dungeon (4/15)             Temple (0/1) D:4

Altars:
Cheibriados
Fedhas
Qazlal
Ru
The Shining One


Innate Abilities, Weirdness & Mutations

You are a hulking beast.
Your limbs bulge with bestial killing power. (Slay +3)
You cannot wear most types of armour.
You are amphibious.
You can wear up to eight rings at the same time.
Your skin changes colour to match your surroundings (Stealth+).
Your rubbery body absorbs attacks. (AC +1, EV +1)
((You are camouflaged when in or above water. (Stealth+)))
You have tentacles for arms and can constrict up to eight enemies at once.


Message History

The orc wizard is almost dead.
You constrict the orc wizard.
You kill the orc wizard!
Cheibriados appreciates the change of pace.
Something hits you.
You are too injured to fight recklessly!
You are too injured to fight recklessly!
You are too injured to fight recklessly!
Something hits you but does no damage.
You hear some strange, mumbled words.
A magic dart appears from out of thin air!
The magic dart hits you!
There is a strange disturbance nearby!
There is a strange disturbance nearby!
You are too injured to fight recklessly!
You miss something. Something hits you.
* * * LOW HITPOINT WARNING * * *
You tentacle-slap something. Your squeeze misses something.
Something barely misses you.
You closely miss something.
You hear some strange, mumbled words.
A puff of flame appears from out of thin air!
The puff of flame misses you.
You tentacle-slap something. Something completely misses you.
You closely miss something. You squeeze something.
You hear some strange, mumbled words.
You are confused.
You're too confused to attack without stumbling around!
You're too confused to attack without stumbling around!
You're too confused to attack without stumbling around!
You're too confused to attack without stumbling around!
You're too confused to move!
Something hits you.
* * * LOW HITPOINT WARNING * * *
You bump into the tree.
Something hits you.
* * * LOW HITPOINT WARNING * * *
You tentacle-slap something but do no damage.
You hear some strange, mumbled words.
A magic dart appears from out of thin air!
The magic dart hits you!
You die...

#####...## ##.### ♣♣...♣♣
# #...# ♣♣.....♣♣ # #####
♣♣.......♣♣ # ♣...._....♣
# ♣♣.........♣♣ ##########
♣...........♣ .........#
♣.){....♣ .#####.### ♣h..♣
.# #.# ♣♣.).♣♣ .# #.###♣
♣♣♣.....♣ ♣♣# .# #.##.#
#.##..### #.#
.#####.##.###.##.## #.#
..............##.#######.#
.###.####...........†....#
.................#########
.........>########


There were no monsters in sight!

Vanquished Creatures
  2 sleepcaps (D:4)
  3 orc wizards
  10 adders
  A worm (D:2)
  3 dart slugs
  11 orcs
  3 endoplasms
  4 giant cockroaches
  6 goblins
  3 hobgoblins
  4 jackals
  6 quokkas
  12 ball pythons
  4 bats
  3 frilled lizards (D:1)
  10 kobolds
  5 rats
90 creatures vanquished.

Notes
Turn   | Place    | Note
-------+----------+-------------------------------------------
     0 | D:1      | LeprechaunX the Octopode Shapeshifter began the quest for
                  | the Orb.
     0 | D:1      | Reached XP level 1. HP: 14/14 MP: 1/1
   111 | D:1      | Reached XP level 2. HP: 19/19 MP: 2/2
   328 | D:1      | Reached XP level 3. HP: 24/24 MP: 3/3
   988 | D:2      | Reached XP level 4. HP: 25/30 MP: 4/4
  1625 | D:3      | Reached XP level 5. HP: 16/35 MP: 5/5
  2250 | D:3      | Found a glowing golden altar of the Shining One.
  2253 | D:3      | Found a snail-covered altar of Cheibriados.
  2271 | D:3      | Became a worshipper of Cheibriados the Contemplative
  2418 | D:3      | Found a sacrificial altar of Ru.
  2527 | D:4      | Reached XP level 6. HP: 42/42 MP: 6/6
  2745 | D:4      | Found a stormy altar of Qazlal.
  2845 | D:4      | Found a staircase to the Ecumenical Temple.
  3105 | D:4      | Found a blossoming altar of Fedhas.
  3122 | D:4      | Killed from afar by an orc wizard

Illustrated notes

Levels and vault maps discovered:
D:1:      erik_arrival_triangle_medium, layout_loops_ring
D:2:      layout_loops_ring, minmay_tromino_v4_b
D:3:      layout_basic, nicolae_overflow_squiral, lemuel_coloured_pillars_altar,
          minmay_fractal_squares_5
D:4:      layout_loops_ring, fedhas_altar_fruit_tree, grunt_qazlal_clouds,
          minmay_temple_entry_waves, minivault_1, chequers_serial_rivers_room_b

Skill      XL: |  1  2  3  4  5  6 |
---------------+-------------------+-----
Unarmed Combat | 3 4 |  4.1
Shapeshifting  | 4 |  4.3
Fighting       | 3 |  3.2
Dodging        | 3 |  3.1

Action                     |  1- 3 |  4- 6 || total
---------------------------+-------+-------++-------
  Melee: Unarmed           |    64 |   110 ||   174
         Constrict         |    13 |    31 ||    44
         Tentacles         |    12 |    22 ||    34
         Punch             |     1 |     5 ||     6
   Stab: Sleeping          |    10 |    11 ||    21
 Armour: Skin              |     3 |     7 ||    10
  Dodge: Dodged            |    23 |    57 ||    80

Table legend: (Time is in decaauts)
 A = Elapsed time spent in this place.
 B = Non-inter-level travel time spent in this place.
 C = Inter-level travel time spent in this place.
 D = Time resting spent in this place.
 E = Time spent auto-exploring this place.
 F = Levels seen in this place.
 G = Mean time per level.
                   A        B        C        D        E       F      G
               +--------+--------+--------+--------+--------+-----+--------+
         Total |   3333 |   3240 |     93 |    200 |   2477 |   4 |  833.2 |
       Dungeon |   3333 |   3240 |     93 |    200 |   2477 |   4 |  833.2 |
               +--------+--------+--------+--------+--------+-----+--------+

Top non-repeatable levels by time:
     D:3: 1156 daAuts
     D:4: 788 daAuts
     D:2: 754 daAuts
     D:1: 633 daAuts
